AoeStats
← Lakrini

Arabia

505306153Analyzed
2v2 RM · 23d ago on Sep 8, 2026· 40m 56s· 4 players
Game mode
Random Map
Map size
Medium (4 player)
Population
200
Speed
Normal
Resources
Standard
Victory
Conquest
Starting age
Dark Age
Ending age
Imperial Age
RankedLock teamsTeams togetherTeam positionsShared explorationLock speedFull tech treeHidden civsTurbo modeCheats
Victory
Defeat
🇦🇷 Teutons · Argentina
1360
+16
🇦🇷 Britons · Argentina
1358
+16
🇺🇸 Burgundians · United States
1355
-16
🇨🇴 Byzantines · Colombia
1353
-16
Lakrini
3:31 Double-Bit Axe
7:12 Loom
10:19 Feudal Age
11:17 Bow Saw
10:51 Horse Collar
15:20 Scale Barding Armor
22:38 Castle Age
20:39 Gold Mining
20:58 Heavy Plow
22:29 Gold Shaft Mining
22:08 Forging
23:01 Wheelbarrow
23:41 Chain Barding Armor
23:19 Cavalier
24:39 Husbandry
26:48 Fletching
31:09 Two-Man Saw
33:25 Bodkin Arrow
AmB
7:51 Loom
9:56 Feudal Age
10:20 Loom
16:53 Fletching
21:11 Horse Collar
21:17 Double-Bit Axe
22:41 Padded Archer Armor
26:28 Castle Age
25:59 Scale Mail Armor
26:39 Pikeman
31:41 Wheelbarrow
33:47 Bow Saw
33:44 Stone Mining
35:22 Forging
37:02 Hand Cart
38:37 Chain Mail Armor
38:57 Heavy Plow
YDRL
5:13 Loom
12:08 Feudal Age
12:53 Double-Bit Axe
14:50 Man-at-Arms
16:38 Gold Mining
21:30 Castle Age
19:44 Horse Collar
20:00 Stone Mining
21:57 Bloodlines
25:35 Wheelbarrow
25:14 Heavy Plow
25:29 Bow Saw
30:15 Fletching
32:32 Fervor
36:08 Town Watch
38:10 Sanctity
38:49 Devotion
39:42 Scale Mail Armor
40:37 Forging
41:48 Chain Mail Armor
Alastan
7:11 Loom
9:32 Feudal Age
10:23 Double-Bit Axe
10:22 Horse Collar
13:45 Fletching
22:41 Castle Age
21:21 Gold Mining
23:31 Bodkin Arrow
22:59 Crossbowman
24:56 Wheelbarrow
24:37 Bow Saw
25:37 Ballistics
25:44 Padded Archer Armor
27:25 Wheelbarrow
29:38 Hand Cart
31:30 Stone Mining
34:51 Treadmill Crane
35:46 Town Watch
40:19 Imperial Age
Connection lost

Rejoining the realm…

Still unreachable

The connection could not be restored.

Session expired

The server has moved on; the page needs a fresh start.